 Dungeon Crawl Stone Soup version 0.29-a0-284-gf9362112df (webtiles) character file.

Game seed: 228517443887775600

70991 mistaj the Bludgeoner (level 15, 0/101 HPs)
             Began as a Gargoyle Monk on Mar 28, 2022.
             Was the Champion of Okawaru.
             Slain by an orc warrior
             ... wielding a +0 vorpal halberd
             ... led by an orc high priest
              (7 damage)
             ... while paralysed by an orc sorcerer
             ... on level 2 of the Orcish Mines.
             The game lasted 01:05:31 (29770 turns).

mistaj the Bludgeoner (Gargoyle Monk)              Turns: 29770, Time: 01:05:33

Health: 0/101      AC: 45    Str: 23    XL:     15   Next: 35%
Magic:  15/15      EV:  2    Int: 10    God:    Okawaru [******]
Gold:   867        SH:  0    Dex: 12    Spells: 14/14 levels left

rFire   . . .      SeeInvis +   B - +3 flail (drain)
rCold   + . .      Faith    .   F - +2 kite shield {AC+3}
rNeg    + . .      Spirit   .   W - +5 crystal plate armour {rC+}
rPois   ∞          Reflect  +   L - +2 hat
rElec   +          Harm     .   H - scarf {+Inv}
rCorr   .          Rampage  +   i - +0 pair of gloves
Will    +....                   b - +2 pair of boots {rampage}
Stlth   ..........              m - amulet of reflection
HPRegen 0.26/turn               N - +4 ring of evasion
MPRegen 0.14/turn               K - ring of see invisible

@: paralysed, flying
A: sickness immunity, AC +11, big wings, negative energy resistance 1,
electricity resistance, torment resistance 1, petrification resistance
a: Renounce Religion, Evoke Invisibility, Heroism, Finesse, Duel


You were on level 2 of the Orcish Mines.
You worshipped Okawaru.
Okawaru was exalted by your worship.
You visited 4 branches of the dungeon, and saw 21 of its levels.
You also visited: Ice Cave.

You collected 1727 gold pieces.
You spent 860 gold pieces at shops.

Inventory:

Hand Weapons
 v - a +1 whip of electrocution
 B - a +3 flail of draining (weapon)
 V - a +2 morningstar of freezing
Missiles
 j - 5 javelins
 o - 4 throwing nets (quivered)
Armour
 b - a +2 pair of boots of rampaging (worn)
 i - a +0 pair of gloves (worn)
 w - +0 acid dragon scales
 F - a +2 kite shield of protection (worn)
 H - a scarf of invisibility (worn)
 J - the +2 ring mail of Rotation {rF+++ Will+ Str-4 Int-4}
   (You bought it in a shop on level 8 of the Dungeon)

   Str:       It affects your strength (-4).
   Int:       It affects your intelligence (-4).
   rF:        It renders you almost immune to fire.
   Will:      It increases your willpower.
 L - a +2 hat (worn)
 U - a +0 kite shield of cold resistance
 W - a +5 crystal plate armour of cold resistance (worn)
Jewellery
 f - an amulet of regeneration
 h - a ring of positive energy
 m - an amulet of reflection (around neck)
 K - a ring of see invisible (right hand)
 N - a +4 ring of evasion (left hand)
 O - a ring of ice
 S - the ring of the Mage {Wiz Archmagi}
   (You found it in an ice cave)

   [ring of wizardry]

   It improves your spell success rate.
   Archmagi:  It increases the power of your magical spells.
Wands
 d - a wand of iceblast (5)
 x - a wand of mindburst (17)
 y - a wand of paralysis (4)
 E - a wand of flame (28)
Scrolls
 e - a scroll of teleportation
 g - a scroll of enchant weapon
 n - 4 scrolls of magic mapping
 q - 4 scrolls of immolation
 r - a scroll of holy word
 C - 2 scrolls of fog
 G - 4 scrolls of fear
 P - a scroll of silence
 R - a scroll of blinking
Potions
 a - 5 potions of might
 c - 2 potions of ambrosia
 k - 2 potions of resistance
 l - 2 potions of lignification
 p - 4 potions of brilliance
 s - a potion of flight
 t - a potion of attraction
 u - 5 potions of curing
 z - 2 potions of magic
 D - 2 potions of mutation
 M - a potion of cancellation
 T - a potion of haste {unknown}


   Skills:
 + Level 14.5 Fighting
 + Level 18.0 Maces & Flails
 + Level 8.6 Armour
 - Level 2.4 Dodging
 - Level 2.1 Stealth
 + Level 14.6 Shields


You had 14 spell levels left.
You didn't know any spells.
Your spell library contained the following spells:

 Spells                   Type           Power      Damage    Failure   Level
 Beastly Appendage        Tmut           0%         N/A       100%        1
 Sting                    Tmut/Pois      0%         1d3       100%        1
 Blink                    Tloc           0%         N/A       100%        2
 Poisonous Vapours        Pois/Air       0%         N/A       100%        2
 Static Discharge         Conj/Air       0%         N/A       100%        2
 Wereblood                Tmut           0%         N/A       100%        2
 Conjure Flame            Conj/Fire      0%         6-21      100%        3
 Frozen Ramparts          Ice            0%         1d2       100%        3
 Ignite Poison            Fire/Tmut/Pois 0%         N/A       100%        3
 Lesser Beckoning         Tloc           0%         N/A       100%        3
 Spider Form              Tmut/Pois      0%         N/A       100%        3
 Airstrike                Air            0%         N/A       100%        4
 Anguish                  Hex/Necr       0%         N/A       100%        4
 Dispel Undead            Necr           0%         3d6       100%        4
 Hailstorm                Conj/Ice       0%         3d3       100%        4
 Ice Form                 Ice/Tmut       0%         N/A       100%        4
 Olgreb's Toxic Radiance  Pois           0%         N/A       100%        4
 Passage of Golubria      Tloc           0%         N/A       100%        4
 Sticky Flame             Conj/Fire      0%         2d3       100%        4
 Lightning Bolt           Conj/Air       0%         1d11      100%        5
 Manifold Assault         Tloc           0%         N/A       100%        5
 Yara's Violent Unravell  Hex/Tmut       0%         3d3       100%        5
 Necromutation            Tmut/Necr      0%         N/A       100%        8
 Tukima's Dance           Hex            Unusable   N/A       N/A         3
 Summon Ice Beast         Ice/Summ       Unusable   N/A       N/A         4
 Summon Lightning Spire   Summ/Air       Unusable   N/A       N/A         4
 Death Channel            Necr           Unusable   N/A       N/A         6
 Simulacrum               Ice/Necr       Unusable   N/A       N/A         6

Dungeon Overview and Level Annotations

Branches:
Dungeon (13/15)            Temple (1/1) D:6            Lair (5/6) D:11
 Shoals (0/4) Lair:4        Snake (0/4) Lair:4          Orc (2/2) D:11
    Elf (0/3) Orc:2         IceCv (visited)
  Slime: Lair:5-6    Vaults: D:13-14

Altars:
Cheibriados
Dithmenos
Elyvilon
Fedhas
Gozag
Hepliaklqana
Kikubaaqudgha
Makhleb
Nemelex Xobeh
Okawaru
Qazlal
Ru
Sif Muna
Trog
Uskayaw
Vehumet
Wu Jian
Xom
Yredelemnul
Zin
The Shining One

Shops:
D:2 *   D:3 =   D:8 [   Orc:2 :*[*(

Portals:
Abyss: Lair:5

Annotations:
D:5 Duvessa
D:12 exclusion: obsidian statue
D:13 2 transporters, yunder69's ghost, journeyman MiBe
Lair:3 2 runed translucent doors, Lenagic's ghost, journeyman VSBe
Lair:5 2 transporters, Bihe's ghost, journeyman HuBe


Innate Abilities, Weirdness & Mutations

You are immune to sickness and miasma.
Your stone body is resilient. (AC +11)
You are immune to poison.
Your large and strong wings let you fly.
You resist negative energy. (rN+)
You are resistant to electric shocks. (rElec)
You are resistant to unholy torment.
You are immune to petrification.


Message History

The orc high priest is almost dead.
Unknown command.
You sock the orc high priest!
You kill the orc high priest!
Okawaru accepts your kill.
The chaos spawn degenerates into a cloud of primal chaos!
You block the orc knight's attack.
The orc sorcerer gestures wildly while chanting.
Your life force feels restored.
Your Maces & Flails skill increases to level 18!
You barely miss the orc sorcerer. You block the orc knight's attack.
The orc sorcerer gestures at you while chanting.
You suddenly lose the ability to move!
The orc warrior hits you from afar with a +0 vorpal halberd.
The sun demon hits you but does no damage.
The orc knight hits you but does no damage.
The orc sorcerer hits you with a +0 dagger!
The orc warrior hits you but does no damage.
The sun demon hits you!
You are engulfed in flames!
The orc knight hits you but does no damage.
The orc sorcerer hits you but does no damage.
The orc warrior hits you but does no damage.
The sun demon hits you.
You are engulfed in flames!
The sun demon hits you but does no damage.
The orc sorcerer casts a spell.
The orc knight hits you with a +0 great sword!
The orc warrior hits you from afar with a +0 vorpal halberd.
* * * LOW HITPOINT WARNING * * *
x2 The sun demon hits you but does no damage.
The orc knight hits you but does no damage.
The orc warrior hits you but does no damage.
The orc sorcerer hits you but does no damage.
The hellwing hits you but does no damage. x2
The sun demon hits you!
* * * LOW HITPOINT WARNING * * *
You are engulfed in flames!
* * * LOW HITPOINT WARNING * * *
The orc knight hits you but does no damage.
The orc warrior hits you from afar with a +0 vorpal halberd!
You die...

.............
..........#....#.###
.........#.##.#...>##.##
......#......#.#.......#
................... ..##
.................###...#
∩.......................
.....∩.#........o......#
................@o..##
...........##.#.34...##
.......##.######)o....# .
.......#### ##<)))..##...
.......# #))))........
.......# ....#...........
.......## .....#.#.........
........#......###..........
...........#...##...........


You could see an orc knight, a sun demon (summoned), a hellwing (summoned), an
orc sorcerer (strong) and an orc warrior (strong).

Vanquished Creatures
  Gastronok (Lair:3)
  An ice dragon (Orc:1)
  A boulder beetle (D:10)
  Erolcha (D:13)
  3 hydras
  2 ironbound frosthearts (IceCv)
  2 ogre magi (Orc:1)
  A death knight (D:13)
  11 two-headed ogres
  An orc high priest (Orc:2)
  9 death yaks
  Nergalle (Lair:2)
  A fire crab (Lair:4)
  2 deep trolls
  2 wolf spider zombies (D:11)
  Pikel (D:4)
  A deep elf pyromancer (D:13)
  5 cyclopes
  4 ugly things
  7 black mambas
  11 elephants
  4 centaur zombies (D:11)
  Maurice (D:10)
  2 ice statues
  2 centaur skeletons (D:11)
  5 cane toads
  2 unseen horrors
  2 gargoyles
  4 kobold demonologists
  5 rime drakes
  2 tengu conjurers (D:13)
  7 komodo dragons
  2 hellwings (D:11)
  10 trolls
  10 polar bears
  A tarantella (shapeshifter) (D:13)
  Grinder (D:4)
  11 blink frogs
  4 slime creatures (D:13)
  5 dream sheep (Lair:5)
  Sigmund (D:5)
  4 vampires
  3 wraiths
  3 wyverns
  39 yaks
  6 vampire mosquitoes
  Menkaure (D:5)
  7 nagas (Lair:4)
  A warg (Orc:2)
  3 acid dragons
  6 water moccasins
  13 orc warriors
  A sky beast (D:6)
  2 black bears (D:7)
  22 ogres
  29 wolves
  A lemure (D:3)
  15 bullfrogs
  4 kobold brigands
  Blork the orc (D:5)
  A gnoll sergeant (D:8)
  A necrophage (D:8)
  A scorpion (D:5)
  Dowan (D:5)
  10 killer bees
  A howler monkey (D:12)
  6 hounds
  18 orc priests
  2 gnoll shamans
  10 iguanas
  12 orc wizards
  6 hell rats (Lair:3)
  7 adders
  21 gnolls
  4 shadow imps
  2 white imps
  3 ufetubi
  2 worms (D:2)
  3 dart slugs (D:2)
  80 orcs
  10 ball pythons
  3 bats
  8 endoplasms
  A giant cockroach (D:1)
  7 goblins
  5 hobgoblins
  A quokka (D:3)
  4 frilled lizards
  20 kobolds
  10 rats
570 creatures vanquished.

Vanquished Creatures (others)
  A bush (Lair:5)
  25 fungi
  24 plants
  2 withered plants (D:11)
52 creatures vanquished.

Grand Total: 622 creatures vanquished

Notes
Turn   | Place    | Note
-------+----------+-------------------------------------------
     0 | D:1      | mistaj the Gargoyle Monk began the quest for the Orb.
     0 | D:1      | Reached XP level 1. HP: 14/14 MP: 1/1
    97 | D:1      | Reached XP level 2. HP: 19/19 MP: 2/2
   333 | D:1      | Noticed a floating eye
   335 | D:1      | Found a faded altar of an unknown god.
   343 | D:1      | Noticed a great orb of eyes
   349 | D:1      | Noticed a floating eye
   360 | D:1      | Reached skill level 1 in Armour
   453 | D:1      | Reached XP level 3. HP: 24/24 MP: 3/3
   479 | D:1      | Noticed a floating eye
  1299 | D:2      | Reached skill level 4 in Maces & Flails
  1299 | D:2      | Reached XP level 4. HP: 16/29 MP: 4/4
  1674 | D:2      | Found Irhifrog's General Store.
  1953 | D:3      | Reached XP level 5. HP: 33/33 MP: 5/5
  2168 | D:3      | Found Sitruki's Jewellery Shop.
  2606 | D:3      | Reached skill level 5 in Maces & Flails
  2674 | D:3      | Reached XP level 6. HP: 32/39 MP: 6/6
  3213 | D:4      | Noticed Pikel
  4550 | D:4      | Reached skill level 5 in Fighting
  4661 | D:4      | Reached XP level 7. HP: 42/44 MP: 7/7
  4682 | D:4      | Noticed Grinder
  4928 | D:4      | Paralysed by Grinder for 2 turns
  4940 | D:4      | Killed Grinder
  4941 | D:4      | Reached skill level 6 in Maces & Flails
  5188 | D:5      | Entered Level 5 of the Dungeon
  5333 | D:5      | Found a glowing golden altar of the Shining One.
  5485 | D:5      | Noticed Menkaure
  5545 | D:5      | Killed Menkaure
  5546 | D:5      | Reached XP level 8. HP: 27/51 MP: 8/8
  5731 | D:5      | Noticed Blork the orc
  5766 | D:5      | Killed Blork the orc
  5767 | D:5      | Reached skill level 7 in Maces & Flails
  5958 | D:5      | Noticed Sigmund
  5981 | D:5      | Killed Sigmund
  5982 | D:5      | Reached skill level 5 in Armour
  6280 | D:5      | Noticed Dowan
  6319 | D:5      | Killed Dowan
  6445 | D:5      | Noticed Duvessa
  6727 | D:4      | Killed Pikel
  6728 | D:4      | Reached skill level 8 in Maces & Flails
  6728 | D:4      | Reached XP level 9. HP: 42/56 MP: 9/9
  7178 | D:6      | Found a staircase to the Ecumenical Temple.
  7187 | Temple   | Entered the Ecumenical Temple
  7310 | Temple   | Became a worshipper of Warmaster Okawaru
  7310 | Temple   | Reached * piety under Okawaru
  7310 | Temple   | Reached ** piety under Okawaru
  7763 | D:6      | Reached skill level 9 in Maces & Flails
  8244 | D:7      | Identified the +0 chain mail of the Black Moon {rF+ Str+6
                  | Dex-4 Stlth+}
  8574 | D:8      | Found Capeemix's Armour Emporium.
  9350 | D:8      | Noticed a red ugly thing
  9707 | D:8      | Killed an unseen horror
  9707 | D:8      | Reached *** piety under Okawaru
  9708 | D:8      | Reached skill level 10 in Maces & Flails
 10156 | D:8      | Noticed a komodo dragon
 10184 | D:8      | Killed a komodo dragon
 10185 | D:8      | Reached XP level 10. HP: 28/64 MP: 10/10
 10700 | D:9      | Identified a scroll of acquirement
 10700 | D:9      | Acquired a +1 pair of boots of rampaging
 11092 | D:8      | Bought a +0 buckler for 72 gold pieces
 11092 | D:8      | Bought a +0 helmet for 72 gold pieces
 11215 | D:8      | Reached **** piety under Okawaru
 11765 | D:8      | Reached skill level 1 in Shields
 11959 | D:8      | Killed a red ugly thing
 12412 | D:9      | Reached skill level 11 in Maces & Flails
 12490 | D:9      | Noticed a centaur warrior
 12490 | D:9      | Noticed a fire dragon
 12491 | D:9      | Noticed a centaur warrior
 12566 | D:9      | Noticed a deep elf pyromancer
 12571 | D:9      | Noticed a white ugly thing
 12578 | D:9      | Noticed a cyclops
 12606 | D:9      | Noticed a two-headed ogre
 12622 | D:9      | Killed a two-headed ogre
 12680 | D:9      | Noticed a kobold demonologist
 12685 | D:9      | Noticed a kobold demonologist
 12687 | D:9      | Killed a kobold demonologist
 12687 | D:9      | Received a gift from Okawaru
 12713 | D:9      | Killed a kobold demonologist
 13127 | D:10     | Entered Level 10 of the Dungeon
 13251 | D:10     | Noticed Maurice
 13451 | D:10     | Killed Maurice
 13451 | D:10     | Reached ***** piety under Okawaru
 13452 | D:10     | Reached XP level 11. HP: 69/71 MP: 11/11
 13496 | D:10     | Noticed a two-headed ogre
 13507 | D:10     | Killed a two-headed ogre
 13508 | D:10     | Reached skill level 12 in Maces & Flails
 13508 | D:10     | Reached skill level 5 in Shields
 13738 | D:10     | Noticed a two-headed ogre
 13745 | D:10     | Killed a two-headed ogre
 14013 | D:11     | Noticed a boulder beetle
 14050 | D:10     | Killed a boulder beetle
 14281 | D:11     | Reached skill level 10 in Fighting
 14954 | D:11     | Reached ****** piety under Okawaru
 14955 | D:11     | Reached skill level 13 in Maces & Flails
 14974 | D:11     | Received a gift from Okawaru
 15153 | D:11     | Found a staircase to the Orcish Mines.
 15609 | D:11     | Reached XP level 12. HP: 74/79 MP: 12/12
 15895 | D:11     | Found a staircase to the Lair.
 15967 | D:11     | Noticed a four-headed hydra
 15977 | D:11     | Killed a four-headed hydra
 16226 | Lair:1   | Entered Level 1 of the Lair of Beasts
 17019 | Lair:1   | Got Sigaof's Tome of Dark Rites
 17112 | Lair:1   | Noticed a seven-headed hydra
 17126 | Lair:1   | Killed a seven-headed hydra
 17444 | D:12     | Reached skill level 14 in Maces & Flails
 17811 | D:12     | Received a gift from Okawaru
 17889 | D:12     | Found an opulent altar of Gozag.
 17964 | D:12     | Reached skill level 10 in Shields
 18021 | D:12     | Noticed a sun demon
 19130 | Lair:2   | Noticed Nergalle
 19149 | Lair:2   | Killed Nergalle
 19411 | Lair:2   | Reached XP level 13. HP: 85/85 MP: 13/13
 19841 | Lair:2   | Reached skill level 15 in Maces & Flails
 20682 | Lair:3   | Received a gift from Okawaru
 20836 | Lair:3   | Noticed Gastronok
 20869 | Lair:3   | Killed Gastronok
 21392 | Lair:3   | Found a large runed translucent door.
 21393 | Lair:3   | Found a large runed translucent door.
 21396 | Lair:3   | Noticed Lenagic's ghost (journeyman VSBe)
 22120 | Lair:4   | Found a staircase to the Snake Pit.
 22252 | Lair:4   | Found a staircase to the Shoals.
 22281 | Lair:4   | Reached skill level 16 in Maces & Flails
 22648 | Lair:5   | Received a gift from Okawaru
 22763 | Lair:5   | Found a one-way gate to the infinite horrors of the Abyss.
 22763 | Lair:5   | Noticed Bihe's ghost (journeyman HuBe)
 22850 | Lair:5   | Gained mutation: Your large and strong wings let you fly.
                  | [Gargoyle growth]
 22850 | Lair:5   | Reached XP level 14. HP: 92/92 MP: 14/14
 23338 | Lair:5   | Found a transporter.
 23356 | Lair:5   | Found a transporter.
 24035 | D:13     | Noticed Erolcha
 24048 | D:13     | Killed Erolcha
 24076 | D:13     | Found a transporter.
 24078 | D:13     | Noticed yunder69's ghost (journeyman MiBe)
 24097 | D:13     | Found a transporter.
 24894 | D:8      | Bought the +2 ring mail of Rotation {rF+++ Will+ Str-4
                  | Int-4} for 716 gold pieces
 24953 | Orc:1    | Entered Level 1 of the Orcish Mines
 24972 | Orc:1    | Found a radiant altar of Vehumet.
 25086 | Orc:1    | Found a frozen archway.
 25148 | Orc:1    | Identified the +1 plate armour of Hopscotch {Str+4}
                  | (Okawaru gifted it to you on level 1 of the Orcish Mines)
 25148 | Orc:1    | Received a gift from Okawaru
 25185 | IceCv    | Entered an ice cave
 25580 | IceCv    | Reached skill level 17 in Maces & Flails
 25697 | IceCv    | Identified the +7 plate armour of Gaavoll {rC- Regen+ Int+4
                  | SInv}
 25886 | IceCv    | Found the ring of the Mage {Wiz Archmagi}
 26968 | Orc:2    | Entered Level 2 of the Orcish Mines
 27133 | Orc:1    | Reached XP level 15. HP: 96/100 MP: 15/15
 27907 | Orc:1    | Identified the +7 longbow of Ufyxuid {freeze, rElec rC-
                  | Dex+9 Stlth-} (Okawaru gifted it to you on level 1 of the
                  | Orcish Mines)
 27907 | Orc:1    | Received a gift from Okawaru
 29591 | Orc:2    | Found Jikaf's Self-Improvement Boutique.
 29592 | Orc:2    | Found Letusosa's Assorted Antiques.
 29592 | Orc:2    | Found Deostasi's General Store.
 29735 | Orc:2    | Found Hyeh Arr's Weapon Emporium.
 29736 | Orc:2    | Found Ryohuo's Antique Armour Shoppe.
 29754 | Orc:2    | Found a staircase to the Elven Halls.
 29765 | Orc:2    | Reached skill level 18 in Maces & Flails
 29765 | Orc:2    | Paralysed by an orc sorcerer for 7 turns
 29770 | Orc:2    | Slain by an orc warrior

Illustrated notes

Levels and vault maps discovered:
D:1:      eino_arrival_water_cross, layout_rooms,
          hellmonk_ecumenical_altar_watching_god,
          chequers_serial_rivers_micro_e, nicolae_grassy_gnolls
D:2:      layout_basic, serial_bayou, serial_bayou_pond_b,
          serial_bayou_lagoon_a, serial_bayou_pond_a, serial_bayou_shore_b,
          serial_shops, nicolae_shop_statue_plus
D:3:      layout_basic, serial_shops, shop_statue
D:4:      layout_basic, uniq_pikel, uniq_grinder
D:5:      layout_basic, nicolae_tso_carved_into_rock, hex_intersection,
          uniq_menkaure, uniq_sigmund, uniq_duvessa, uniq_blork_the_orc
D:6:      layout_cave_pools, minmay_temple_entry_drinking_statues
D:7:      layout_rooms
D:8:      layout_basic, serial_shops, nicolae_stop_n_shop_1, minmay_lizard_king
D:9:      layout_stronghold, onia_ninara_dug_in_and_dangerous
D:10:     layout_rooms, uniq_maurice
D:11:     cheibrodos_grave_circle, layout_irregular_city, lair_entry_dummy,
          david_orc_2
D:12:     minmay_separated_statues, layout_gridville, grunt_gozag_statues
D:13:     layout_roguey, gammafunk_ghost_stat_death, uniq_erolcha
Temple:   regret_index_temple_sigil_plot
Lair:1:   layout_chaotic_city, eino_small_chamber_without_monster,
          hibernation_bobbens
Lair:2:   layout_layer_cave, minivault_11, grunt_megastairs_3, uniq_nergalle
Lair:3:   layout_roguey, ebering_ghost_disaster_area, uniq_gastronok
Lair:4:   layout_roguey, elwin_shoals_entry_rocks,
          minmay_snake_entry_guardpost_large, beast_lair_carwin_2
Lair:5:   layout_cave_pods, gammafunk_ghost_abyssal_escape
Orc:1:    layout_diamond_mine, portal_ice_cave_entry_animals_and_master,
          basic_altar
Orc:2:    st_orc_open, layout_caves, nicolae_shop_self_help

Skill      XL: |  1  2  3  4  5  6  7  8  9 10 11 12 13 14 15 |
---------------+----------------------------------------------+-----
Armour         | 1 2 3 4 5 7 8 |  8.6
Maces & Flails | 4 5 6 8 10 11 13 14 16 17 18 | 18.0
Fighting       | 4 5 6 8 9 10 11 12 14 | 14.5
Shields        | 4 8 10 12 14 | 14.6
Dodging        | |  2.4
Stealth        | |  2.1

Action                   |  1- 3 |  4- 6 |  7- 9 | 10-12 | 13-15 || total
-------------------------+-------+-------+-------+-------+-------++-------
Melee: Mace              |    67 |   150 |   201 |       |       ||   418
       Punch             |     2 |       |     3 |       |       ||     5
       Flail             |       |       |   124 |   717 |  1427 ||  2268
Throw: Javelin           |       |       |       |     2 |       ||     2
Evoke: Wand              |       |       |       |    12 |       ||    12
  Use: Scroll            |       |     5 |     3 |    17 |     9 ||    34
       Potion            |       |       |       |     1 |     1 ||     2
 Stab: Sleeping          |     4 |       |       |       |       ||     4
Armor: Robe              |    18 |     6 |       |       |       ||    24
       Ring mail         |       |    66 |       |       |   145 ||   211
       Chain mail        |       |     2 |   255 |   439 |   231 ||   927
       Crystal plate arm |       |       |       |       |   250 ||   250
Dodge: Dodged            |    58 |    96 |   154 |   220 |   375 ||   903
Block: Buckler           |       |       |       |   183 |       ||   183
       Reflection        |       |       |       |     2 |     3 ||     5
       Kite shield       |       |       |       |   159 |   961 ||  1120

Table legend: (Time is in decaauts)
 A = Elapsed time spent in this place.
 B = Non-inter-level travel time spent in this place.
 C = Inter-level travel time spent in this place.
 D = Time resting spent in this place.
 E = Time spent auto-exploring this place.
 F = Levels seen in this place.
 G = Mean time per level.
                   A        B        C        D        E       F      G
               +--------+--------+--------+--------+--------+-----+--------+
         Total |  29496 |  28358 |   1138 |  11047 |   9110 |  22 | 1340.7 |
       Dungeon |  18410 |  17551 |    859 |   7227 |   5200 |  13 | 1416.2 |
        Temple |    140 |    124 |     16 |      0 |     81 |   1 |  140.0 |
          Lair |   6284 |   6044 |    240 |   1416 |   3181 |   5 | 1256.8 |
  Orcish Mines |   3346 |   3323 |     23 |   2138 |    284 |   2 | 1673.0 |
      Ice Cave |   1313 |   1313 |      0 |    264 |    363 |   1 | 1313.0 |
               +--------+--------+--------+--------+--------+-----+--------+

Top non-repeatable levels by time:
     D:8: 2808 daAuts
   Orc:1: 2282 daAuts
     D:3: 2107 daAuts
    D:11: 1836 daAuts
  Lair:2: 1737 daAuts
     D:4: 1599 daAuts
    D:10: 1464 daAuts
     D:5: 1416 daAuts
     D:9: 1377 daAuts
   IceCv: 1313 daAuts
  Lair:1: 1277 daAuts
    D:12: 1222 daAuts
  Lair:5: 1218 daAuts
     D:2: 1120 daAuts
  Lair:3: 1108 daAuts
